 Dungeon Sprint DCSS version 0.30-a0-168-g0b976cbdc4 (webtiles) character file.

Game seed: 13348971234697342779

1677 howech the Unseen (level 8, -1/45 HPs)
             Began as a Spriggan Brigand on Sept 29, 2022.
             Was a Follower of Uskayaw.
             Shot with an arrow by a centaur warrior (25 damage)
             ... in the Dungeon (Sprint I: "Red Sonja").
             The game lasted 00:04:15 (215 turns).

howech the Unseen (Spriggan Brigand)                 Turns: 215, Time: 00:04:17

Health: -1/45      AC:  3    Str:  7    XL:     8   Next: 70%
Magic:  9/9        EV: 25    Int: 12    God:    Uskayaw [*.....]
Gold:   669        SH:  0    Dex: 19    Spells: 7/7 levels left

rFire   . . .      SeeInvis +    a - +2 dagger
rCold   . . .      Faith    .    (no shield)
rNeg    . . .      Spirit   .    b - +0 robe
rPois   .          Reflect  .    (helmet restricted)
rElec   .          Harm     .    c - +0 cloak
rCorr   .          Rampage  .    (gloves unavailable)
Will    +....      NoTele   +    (boots unavailable)
Stlth   +++++++...               (no amulet)
HPRegen 0.15/turn                (no ring)
MPRegen 0.11/turn                (no ring)

@: very quick
A: very small, no large weapons, unfitting armour, see invisible, speed 3
a: Renounce Religion, Stomp


You were in the Dungeon.
You worshipped Uskayaw.
Uskayaw was noncommittal.
You visited 1 branch You collected 693 gold pieces.
You spent 24 gold pieces at shops.

Inventory:

Hand Weapons
 a - a +2 dagger (weapon)
Missiles
 d - 9 poisoned darts (quivered)
 e - 5 curare-tipped darts
Armour
 b - a +0 robe (worn)
 c - a +0 cloak (worn)
Wands
 m - a wand of charming (13)
Scrolls
 k - a scroll of blinking
 n - a scroll of identify
Potions
 f - a potion of curing
 h - 2 potions of haste
 i - 2 potions of magic
 j - a potion of berserk rage
 l - a potion of ambrosia


   Skills:
 + Level 6.7 Fighting
 + Level 8.8 Short Blades
 + Level 8.2 Throwing
 + Level 10.2 Dodging
 * Level 17.4 Stealth
 + Level 5.8 Evocations


You had 7 spell levels left.
You didn't know any spells.
Your spell library was empty.

Dungeon Overview and Level Annotations

Branches:
Dungeon (1/1)

Altars:
Cheibriados
Dithmenos
Elyvilon
Fedhas
Gozag
Hepliaklqana
Kikubaaqudgha
Makhleb
Nemelex Xobeh
Okawaru
Qazlal
Ru
Sif Muna
Trog
Uskayaw
Vehumet
Wu Jian
Xom
Yredelemnul
Zin
The Shining One
Jiyva
Lugonu

Shops:
D *([


Innate Abilities, Weirdness & Mutations

You are very small and have problems with some larger weapons.
You are too small for most types of armour.
You have supernaturally acute eyesight. (SInv)
You cover ground extremely quickly. (Speed+++)


Message History

Found a potion of haste and 20 gold pieces.
Found 31 gold pieces.
There is an open door here.
You now have 638 gold pieces (gained 20).
h - 2 potions of haste (gained 1)
You now have 649 gold pieces (gained 11).
You now have 669 gold pieces (gained 20).
Okay, then.
As you open the door, it creaks loudly!
You hear a shout! 2 centaur warriors come into view.
Found 8 stones.
The centaur warrior wields a +0 shortbow.
The centaur warrior shoots an arrow.
The arrow hits you!
The centaur warrior wields a +0 longbow.
The centaur warrior shoots an arrow.
The arrow hits you!!
* * * LOW HITPOINT WARNING * * *
Found 19 gold pieces.
There is an open door, spattered with blood here.
You feel much better.
Throw: 7 darts (curare)
Press: ? - help, Shift-Dir - straight line, f - centaur warrior
Aim: a centaur warrior, wielding a +0 shortbow (purple smoke, 74% to hit)
You throw a curare-tipped dart.
The curare-tipped dart hits the centaur warrior.
The centaur warrior is poisoned.
The centaur warrior convulses.
The centaur warrior seems to slow down.
The centaur warrior is lightly wounded.
Unknown command.
Throw: 6 darts (curare)
Press: ? - help, Shift-Dir - straight line, f - centaur warrior, p - centaur warrior
Aim: a centaur warrior, wielding a +0 longbow (purple smoke, 74% to hit)
You throw a curare-tipped dart.
The curare-tipped dart hits the centaur warrior.
The centaur warrior is poisoned.
The centaur warrior convulses.
The centaur warrior seems to slow down.
The centaur warrior is lightly wounded.
You hear a splash.
The centaur warrior shoots an arrow.
The arrow hits you!!
Ouch! That really hurt!
You die...

.#.)'..#.)'..#__#..+
.'..#.)'..#..'..'..#
.#####'#####'#__####
.####..#...#.####§§#
.#__####..##.#§~§..#
.#_____##'#_.+§~§cc+
⌠#_.∩..†'..._#§c§..#
##_..__##_.#'##§###
#_____###'#.#§c@.###
##########.####'###(##
........'...'.....'.∩#
#++++####.).##########
##.## #+#


You could see 2 centaur warriors.

Vanquished Creatures
  Sonja (D)
  A deep troll (D)
  A slime creature (D)
  Sigmund (D)
  A yak (D)
  An ogre (D)
  A jelly (D)
  Ijyb (D)
8 creatures vanquished.

Notes
Turn   | Place    | Note
-------+----------+-------------------------------------------
     0 | D        | howech the Spriggan Brigand began the quest for the Orb.
     0 | D        | Reached XP level 1. HP: 10/10 MP: 2/2
     2 | D        | Noticed Ijyb
     4 | D        | Killed Ijyb
     5 | D        | Reached skill level 7 in Stealth
     5 | D        | Reached XP level 2. HP: 16/16 MP: 3/3
     7 | D        | Noticed an ogre
     9 | D        | Killed an ogre
    10 | D        | Reached skill level 5 in Dodging
    10 | D        | Reached skill level 10 in Stealth
    10 | D        | Reached XP level 3. HP: 20/20 MP: 4/4
    10 | D        | Reached XP level 4. HP: 24/24 MP: 5/5
    20 | D        | Noticed Sigmund
    22 | D        | Killed Sigmund
    23 | D        | Reached skill level 5 in Short Blades
    23 | D        | Reached skill level 5 in Throwing
    23 | D        | Reached skill level 12 in Stealth
    23 | D        | Reached XP level 5. HP: 30/30 MP: 6/6
    36 | D        | Found a burning altar of Makhleb.
    36 | D        | Found a shimmering altar of Xom.
    36 | D        | Noticed a slime creature
    37 | D        | Found a viscous altar of Jiyva.
    37 | D        | Found a corrupted altar of Lugonu.
    39 | D        | Killed a slime creature
    40 | D        | Reached skill level 5 in Fighting
    40 | D        | Reached skill level 13 in Stealth
    40 | D        | Reached XP level 6. HP: 35/35 MP: 7/7
    55 | D        | Found an ornate altar of the Wu Jian Council.
    55 | D        | Found a shimmering blue altar of Sif Muna.
    57 | D        | Found a radiant altar of Vehumet.
    63 | D        | Reached skill level 14 in Stealth
    83 | D        | Found Qathru Xiero's Weapon Emporium.
    83 | D        | Found an ancient bone altar of Kikubaaqudgha.
    83 | D        | Found a hazy altar of Hepliaklqana.
    83 | D        | Found a hide-covered altar of Uskayaw.
    83 | D        | Found a basalt altar of Yredelemnul.
    83 | D        | Found an opulent altar of Gozag.
    83 | D        | Found a snail-covered altar of Cheibriados.
    83 | D        | Found a sacrificial altar of Ru.
    83 | D        | Found a shadowy altar of Dithmenos.
    83 | D        | Noticed a yak
    84 | D        | Found a stormy altar of Qazlal.
    84 | D        | Found a blossoming altar of Fedhas.
    84 | D        | Found a bloodstained altar of Trog.
    84 | D        | Found an iron altar of Okawaru.
    84 | D        | Found a glowing golden altar of the Shining One.
    84 | D        | Found a glowing silver altar of Zin.
    84 | D        | Found a white marble altar of Elyvilon.
    85 | D        | Killed a yak
    86 | D        | Reached XP level 7. HP: 39/39 MP: 8/8
    86 | D        | Found a sparkling altar of Nemelex Xobeh.
   127 | D        | Became a worshipper of Uskayaw the Reveller
   133 | D        | Noticed Sonja
   137 | D        | Killed Sonja
   137 | D        | Reached * piety under Uskayaw
   138 | D        | Reached skill level 16 in Stealth
   138 | D        | Reached XP level 8. HP: 44/44 MP: 9/9
   153 | D        | Found Milyaw's General Store.
   161 | D        | Bought a scroll of identify for 24 gold pieces
   174 | D        | Noticed a deep troll
   178 | D        | Killed a deep troll
   178 | D        | Reached ** piety under Uskayaw
   179 | D        | Reached skill level 10 in Dodging
   179 | D        | Reached skill level 17 in Stealth
   179 | D        | Reached skill level 5 in Evocations
   190 | D        | Found Iploanut's Armour Emporium.
   211 | D        | Noticed a centaur warrior
   211 | D        | Noticed a centaur warrior
   215 | D        | Shot with an arrow by a centaur warrior

Illustrated notes

Levels and vault maps discovered:
D:        dungeon_sprint_1 [red_sonja_temple_1, red_sonja_temple_small_1]

Skill      XL: |  1  2  3  4  5  6  7  8 |
---------------+-------------------------+-----
Fighting       | 2 3 4 5 6 |  6.7
Short Blades   | 3 4 5 6 7 8 |  8.8
Dodging        | 3 5 6 7 8 9 10 | 10.2
Stealth        | 7 10 12 13 14 16 17 | 17.4
Throwing       | 4 5 6 7 8 |  8.2
Evocations     | 4 5 |  5.8

Action                   |  1- 3 |  4- 6 |  7- 9 || total
-------------------------+-------+-------+-------++-------
Melee: Dagger            |     2 |     4 |     2 ||     8
Throw: Dart              |       |       |     2 ||     2
  Use: Scroll            |       |       |     1 ||     1
       Potion            |       |       |     1 ||     1
 Stab: Sleeping          |     2 |     4 |     2 ||     8

Table legend: (Time is in decaauts)
 A = Elapsed time spent in this place.
 B = Non-inter-level travel time spent in this place.
 C = Inter-level travel time spent in this place.
 D = Time resting spent in this place.
 E = Time spent auto-exploring this place.
 F = Levels seen in this place.
 G = Mean time per level.
                   A        B        C        D        E       F      G
               +--------+--------+--------+--------+--------+-----+--------+
         Total |    151 |    151 |      0 |      0 |      0 |   1 |  151.0 |
       Dungeon |    151 |    151 |      0 |      0 |      0 |   1 |  151.0 |
               +--------+--------+--------+--------+--------+-----+--------+

Top non-repeatable levels by time:
       D: 151 daAuts
